 Dungeon Sprint DCSS version 0.30-a0-953-g5f1da4a474 (webtiles) character file.

Game seed: 6836809226368898839

3643 dialectric the Ninja (level 9, -3/50 HPs)
             Began as a Spriggan Brigand on Mar 28, 2023.
             Was a Priest of Dithmenos.
             Succumbed to a death drake's dark miasma
             ... in the Dungeon (Sprint II: "The Violet Keep of Menkaure").
             The game lasted 00:02:55 (303 turns).

dialectric the Ninja (Spriggan Brigand)              Turns: 303, Time: 00:02:55

Health: -3/50      AC:  3    Str:  7    XL:     9   Next: 88%
Magic:  10/10      EV: 23    Int: 13    God:    Dithmenos [***...]
Gold:   982        SH:  0    Dex: 20    Spells: 5/8 levels left

rFire   . . .      SeeInvis +    a - +2 dagger
rCold   . . .      Faith    .    (no shield)
rNeg    . . .      Spirit   .    b - +0 robe
rPois   .          Reflect  .    (helmet restricted)
rElec   .          Rampage  .    c - +0 cloak
rCorr   .          NoTele   +    (gloves unavailable)
Will    ++...                    (boots unavailable)
Stlth   +++++++                  (no amulet)
HPRegen 0.28/turn                l - ring of willpower
MPRegen 0.12/turn                (no ring)

@: lethally poisoned (-3 -> -36), hasted and slowed, wreathed by umbra, slow
A: very small, no large weapons, unfitting armour, see invisible, speed 3
a: Renounce Religion, Shadow Step


You were in the Dungeon.
You worshipped Dithmenos.
Dithmenos was most pleased with you.
You visited 1 branch You collected 982 gold pieces.

Inventory:

Hand Weapons
 a - a +2 dagger (weapon)
Missiles
 d - 9 poisoned darts (quivered)
 y - 2 curare-tipped darts
Armour
 b - a +0 robe (worn)
 c - a +0 cloak (worn)
Jewellery
 l - a ring of willpower (left hand)
 s - an amulet of guardian spirit
 z - a ring of resist corrosion
Scrolls
 e - a scroll of torment {unknown}
 j - 5 scrolls of identify {unknown}
 m - a scroll of fear {unknown}
 n - 2 scrolls of magic mapping {unknown}
 o - a scroll of amnesia {unknown}
 p - 2 scrolls of vulnerability {unknown}
 v - a scroll of poison {unknown}
 w - a scroll of enchant armour {unknown}
 x - a scroll of immolation {unknown}
Potions
 f - a potion of curing
 g - a potion of berserk rage
 h - 2 potions of haste
 i - 5 potions of magic
 q - a potion of might {unknown}
 r - 3 potions of flight {unknown}
 t - a potion of invisibility {unknown}
 u - 4 potions of resistance {unknown}


   Skills:
 + Level 7.1 Fighting
 + Level 10.5 Short Blades
 - Level 2.3 Throwing
 + Level 8.0 Dodging
 O Level 27 Stealth


You had 5 spell levels left.
You knew the following spells:

 Your Spells              Type           Power      Damage    Failure   Level
a - Ozocubu's Armour      Ice            0%         N/A       67%         3

Your spell library contained the following spells:

 Spells                   Type           Power      Damage    Failure   Level
 Ozocubu's Refrigeration  Ice            0%         4d7       100%        7


Dungeon Overview and Level Annotations

Branches:
Dungeon (1/1)

Altars:
Cheibriados
Dithmenos
Elyvilon
Fedhas
Gozag
Hepliaklqana
Kikubaaqudgha
Makhleb
Nemelex Xobeh
Okawaru
Qazlal
Ru
Sif Muna
Trog
Uskayaw
Vehumet
Wu Jian
Xom
Yredelemnul
Zin
The Shining One
Jiyva
Lugonu

Shops:
D ![(?!?=?[(

Annotations:
D exclusion: obsidian statue


Innate Abilities, Weirdness & Mutations

You are very small and have problems with some larger weapons.
You are too small for most types of armour.
You have supernaturally acute eyesight. (SInv)
You cover ground extremely quickly. (Speed+++)


Message History

You feel sick.
The death drake fails to trigger a net trap.
You feel better.
Unknown command.
You feel yourself speed up. The death drake breathes miasma at you.
The foul vapour engulfs you!
You are poisoned.
You feel yourself slow down.
The swamp drake is engulfed in dark miasma.
The swamp drake closely misses you. The death drake breathes miasma at you.
The foul vapour misses you.
You are engulfed in dark miasma.
You are more poisoned.
* * * LOW HITPOINT WARNING * * *
You feel extremely sick.
The swamp drake is engulfed in dark miasma.
The swamp drake is poisoned.
The swamp drake seems to slow down.
Really walk into a travel-excluded area?
Okay, then.
Unknown command.
You feel better.
You are engulfed in dark miasma.
You are lethally poisoned!
* * * LOW HITPOINT WARNING * * *
You feel very sick.
The swamp drake is no longer moving slowly.
The death drake breathes miasma at you. The foul vapour misses you.
Unknown command.
Really walk into a travel-excluded area?
You are engulfed in dark miasma.
You are more poisoned.
* * * LOW HITPOINT WARNING * * *
x2 You feel very sick.
The swamp drake is engulfed in dark miasma.
The swamp drake looks even sicker.
You enter the shallow water.
Moving in this stuff is going to be slow.
You die...

.##'##..# ####.# k#°=▓)..)...[▓▓
##.#.##.####○○'.##9#)[▓()..)...▓▓
#†###†# ...#○○#..k####▓......[.▓▓
##.#.####..#####.^##)#▓(..)...)▓▓
# #'###.##..#..'..#†.#▓).....[(▓▓
###.##.†.#..#$.#.°#..#▓...!....▓▓
.'.<.'###'..####kk##.#▓.(.()...▓▓
.##.##...#....###...##▓▓▓▓▓▓▓'▓▓▓
###+###.##......@~~~~~~~~~~~~..wX
# ###~~.....~#'########+###.w
#~~~~~~~.§~#..._._._#~~~##≈
#§~~~§~~~§~#_._._._.#~§≈S##
#~~~≈§≈§~§§~#._._._._#§~~§≈#
~~~§~≈≈≈§§~~#_._._._.#§~S§§§
++#~≈≈§≈≈§≈~#._._._..#~§~~~≈
##≈≈§###§≈#_._._...#~§~§§
#≈≈#._._....#§§§


You could see a crystal guardian and 2 swamp drakes.

Vanquished Creatures
  2 boulder beetles (D)
  2 cane toads (D)
  A yaktaur (D)
  A hornet (D)
  3 polar bears (D)
  2 wyverns (D)
  3 yaks (D)
  Menkaure (D)
  3 worms (D)
18 creatures vanquished.

Vanquished Creatures (others)
  4 tentacles (D)
4 creatures vanquished.

Grand Total: 22 creatures vanquished

Notes
Turn   | Place    | Note
-------+----------+-------------------------------------------
     0 | D        | dialectric the Spriggan Brigand began the quest for the
                  | Orb.
     0 | D        | Reached XP level 1. HP: 10/10 MP: 2/2
     5 | D        | Reached skill level 7 in Stealth
    19 | D        | Found Araej's Magic Scroll Shoppe.
    19 | D        | Found Bumyol's Magic Scroll Shoppe.
    19 | D        | Found Dinwor's Weapon Emporium.
    19 | D        | Found Batukef's Antique Weapon Shoppe.
    19 | D        | Found Fisiot's Jewellery Emporium.
    20 | D        | Found Pauss's Antique Armour Emporium.
    20 | D        | Found Kuusoacwi's Magic Scroll Shoppe.
    20 | D        | Found Noming's Distillery.
    20 | D        | Found Jysom's Antique Armour Shoppe.
    20 | D        | Found Dubbeafio's Distillery.
    23 | D        | Reached skill level 8 in Stealth
    23 | D        | Reached XP level 2. HP: 14/15 MP: 3/3
    30 | D        | Noticed a wyvern
    30 | D        | Noticed a wyvern
    33 | D        | Killed a wyvern
    34 | D        | Reached skill level 15 in Stealth
    34 | D        | Reached XP level 3. HP: 19/19 MP: 4/4
    34 | D        | Reached XP level 4. HP: 23/23 MP: 5/5
    34 | D        | Reached XP level 5. HP: 28/28 MP: 6/6
    37 | D        | Noticed an obsidian statue
    40 | D        | Killed a wyvern
    41 | D        | Reached skill level 18 in Stealth
    41 | D        | Reached XP level 6. HP: 32/32 MP: 7/7
    42 | D        | Noticed Menkaure
    44 | D        | Killed Menkaure
    45 | D        | Reached skill level 19 in Stealth
    53 | D        | Noticed a boulder beetle
    53 | D        | Noticed a boulder beetle
    56 | D        | Killed a boulder beetle
    57 | D        | Reached skill level 23 in Stealth
    57 | D        | Reached XP level 7. HP: 38/38 MP: 8/8
    59 | D        | Killed a boulder beetle
    60 | D        | Reached skill level 25 in Stealth
    60 | D        | Reached XP level 8. HP: 42/42 MP: 9/9
    66 | D        | Found a glowing golden altar of the Shining One.
    66 | D        | Found an ornate altar of the Wu Jian Council.
    67 | D        | Found a shimmering altar of Xom.
    67 | D        | Found a sacrificial altar of Ru.
    68 | D        | Found a basalt altar of Yredelemnul.
    68 | D        | Found a shimmering blue altar of Sif Muna.
    69 | D        | Found a glowing silver altar of Zin.
    69 | D        | Found a bloodstained altar of Trog.
    69 | D        | Found an ancient bone altar of Kikubaaqudgha.
    69 | D        | Found a stormy altar of Qazlal.
    69 | D        | Found a viscous altar of Jiyva.
    70 | D        | Found a hide-covered altar of Uskayaw.
    70 | D        | Found a corrupted altar of Lugonu.
    70 | D        | Found a shadowy altar of Dithmenos.
    71 | D        | Found a radiant altar of Vehumet.
    71 | D        | Found a burning altar of Makhleb.
    71 | D        | Found a white marble altar of Elyvilon.
    72 | D        | Found a sparkling altar of Nemelex Xobeh.
    72 | D        | Found a blossoming altar of Fedhas.
    74 | D        | Found an iron altar of Okawaru.
    74 | D        | Found an opulent altar of Gozag.
    74 | D        | Found a hazy altar of Hepliaklqana.
    74 | D        | Found a snail-covered altar of Cheibriados.
    81 | D        | Became a worshipper of Dithmenos the Shadowed
   109 | D        | Noticed a kraken
   143 | D        | Reached skill level 26 in Stealth
   144 | D        | Reached * piety under Dithmenos
   145 | D        | Reached skill level 5 in Fighting
   145 | D        | Reached XP level 9. HP: 26/47 MP: 10/10
   260 | D        | Noticed a yaktaur
   260 | D        | Noticed a polar bear
   261 | D        | Noticed a polar bear
   261 | D        | Noticed a polar bear
   262 | D        | Killed a polar bear
   265 | D        | Reached skill level 5 in Dodging
   265 | D        | Reached skill level 27 in Stealth
   265 | D        | Killed a polar bear
   265 | D        | Reached ** piety under Dithmenos
   266 | D        | Killed a polar bear
   268 | D        | Killed a yaktaur
   273 | D        | Noticed a death drake
   276 | D        | Noticed a crystal guardian
   278 | D        | Noticed a cane toad
   279 | D        | Noticed a cane toad
   280 | D        | Killed a cane toad
   281 | D        | Reached skill level 10 in Short Blades
   284 | D        | Killed a cane toad
   284 | D        | Reached *** piety under Dithmenos
   295 | D        | Learned a level 3 spell: Ozocubu's Armour
   296 | D        | Noticed a death drake
   302 | D        | HP: 1/50 [poisoned by a death drake (dark miasma)]
   303 | D        | Succumbed to a death drake's dark miasma

Illustrated notes

Levels and vault maps discovered:
D:        the_violet_keep_of_menkaure [sprint2_stairs_cluster_1,
          sprint2_shoproom, sprint2_temple, sprint2_basic_supplies,
          sprint2_obstacle_6, sprint2_obstacle_2, sprint2_obstacle_3,
          sprint2_obstacle_4, sprint2_obstacle_7, sprint2_timed_cluster_1,
          sprint2_smallroom_cluster_1, sprint2_smallroom_final_cluster_1,
          sprint2_transparent_cluster_1, sprint2_second_timed_cluster_1,
          sprint2_sniper_area_1, sprint2_heavy_combat_area_1,
          sprint2_mutation_trap_area_1, sprint2_forest_area_1,
          sprint2_light_combat_area_1, sprint2_behind_water_1,
          sprint2_near_end_vault_1]

Skill      XL: |  1  2  3  4  5  6  7  8  9 |
---------------+----------------------------+-----
Stealth        | 8 15 18 23 25 26 27 | 27.0
Fighting       | 2 3 4 5 7 |  7.1
Short Blades   | 3 4 6 10 | 10.5
Dodging        | 2 3 4 8 |  8.0
Throwing       | |  2.3

Action                     |  1- 3 |  4- 6 |  7- 9 || total
---------------------------+-------+-------+-------++-------
  Melee: Dagger            |     4 |     3 |    13 ||    20
  Throw: Dart              |     3 |       |     8 ||    11
    Use: Potion            |       |       |     5 ||     5
         Scroll            |       |       |     1 ||     1
   Stab: Sleeping          |     3 |     3 |     9 ||    15
 Armour: Robe              |       |       |     1 ||     1
  Dodge: Dodged            |       |       |    11 ||    11

Table legend: (Time is in decaauts)
 A = Elapsed time spent in this place.
 B = Non-inter-level travel time spent in this place.
 C = Inter-level travel time spent in this place.
 D = Time resting spent in this place.
 E = Time spent auto-exploring this place.
 F = Levels seen in this place.
 G = Mean time per level.
                   A        B        C        D        E       F      G
               +--------+--------+--------+--------+--------+-----+--------+
         Total |    244 |    244 |      0 |      0 |      0 |   1 |  244.0 |
       Dungeon |    244 |    244 |      0 |      0 |      0 |   1 |  244.0 |
               +--------+--------+--------+--------+--------+-----+--------+

Top non-repeatable levels by time:
       D: 244 daAuts
